 Dungeon Crawl Stone Soup version 0.30.1-4-g462c640d31 (webtiles) character file.

Game seed: 4761100589362378805

2860 Mickster the Spear-Bearer (level 9, -1/78 HPs)
             Began as a Hill Orc Berserker on Aug 30, 2023.
             Was a Believer of Trog.
             Killed from afar by an orc wizard (5 damage)
             ... with a puff of flame
             ... on level 7 of the Dungeon.
             The game lasted 00:37:53 (6897 turns).

Mickster the Spear-Bearer (Hill Orc Berserker)      Turns: 6897, Time: 00:37:53

Health: -1/78      AC: 12    Str: 24    XL:     9   Next: 75%
Magic:  9/9        EV: 12    Int:  7    God:    Trog [**....]
Gold:   217        SH:  0    Dex: 10    Spells: 8/8 levels left

rFire   . . .        k - +2 scythe (heavy)
rCold   . . .        (shield currently unavailable)
rNeg    . . .        s - +2 ring mail "Olyneih" {Will+}
rPois   .            e - +0 helmet
rElec   .            h - +2 cloak
rCorr   .            (no gloves)
SInv    .            (no boots)
Will    +++..        (no amulet)
Stlth   +            (no ring)
HPRegen 1.33/turn    (no ring)
MPRegen 0.11/turn

%: no passive effects
@: strong-willed, on berserk cooldown, regenerating, slowed, very slow
A: no striking features
a: Renounce Religion, Berserk, Trog's Hand


You were on level 7 of the Dungeon.
You worshipped Trog.
Trog was pleased with you.
You visited 1 branch of the dungeon, and saw 7 of its levels.

You collected 327 gold pieces.
You spent 110 gold pieces at shops.

Inventory:

Hand Weapons
 a - a +0 hand axe
 k - a +2 heavy scythe (weapon)
 r - a +0 flail of holy wrath
 D - a +4 quarterstaff of chaos
Missiles
 g - 18 poisoned darts
 m - 4 javelins
 C - 2 throwing nets
 H - 5 boomerangs (quivered)
Armour
 b - a +0 scale mail
 e - a +0 helmet (worn)
 h - a +2 cloak (worn)
 p - a +0 kite shield
 s - the +2 ring mail "Olyneih" (worn) {Will+}
   (You found it on level 4 of the Dungeon)

   Will:      It increases your willpower.
 u - a +0 chain mail
 I - a +0 chain mail
Jewellery
 F - a ring of ice
Wands
 B - a wand of mindburst (18)
Scrolls
 d - 3 scrolls of teleportation
 o - a scroll of butterflies
 t - a scroll of fear
 v - a scroll of blinking {unknown}
 w - a scroll of brand weapon {unknown}
 x - a scroll of acquirement {unknown}
 y - a scroll of identify
Potions
 c - 2 potions of curing
 f - a potion of ambrosia
 i - a potion of attraction {unknown}
 j - 2 potions of lignification {unknown}
 l - a potion of degeneration {unknown}
 n - 3 potions of flight
 q - a potion of brilliance {unknown}
 z - a potion of mutation {unknown}
 A - a potion of haste {unknown}
 E - a potion of invisibility {unknown}
 G - a potion of magic {unknown}


   Skills:
 + Level 6.8 Fighting
 - Level 6.9(10.0) Axes
 * Level 9.5(10.2) Polearms
 + Level 5.8 Armour
 + Level 4.5 Dodging
 + Level 0.8 Stealth


You had 8 spell levels left.
You didn't know any spells.
Your spell library was empty.

Dungeon Overview and Level Annotations

Branches:
Dungeon (7/15)             Temple (0/1) D:6

Altars:
Wu Jian

Shops:
D:2 ?*[


Message History

The vampire barely misses you.
The vampire bites you but does no damage.
You hit the vampire but do no damage. Something hits you but does no damage.
You hear some strange, mumbled words.
A magic dart appears from out of thin air!
The magic dart hits you but does no damage.
The orc wizard misses you.
The vampire hits you but does no damage.
The vampire bites you but does no damage.
Something hits you but does no damage. x2; The orc wizard barely misses you.
The vampire barely misses you. The vampire bites you.
The vampire draws strength from your injuries!
Something hits you but does no damage. x2
The vampire hits you but does no damage.
The vampire bites you.
The vampire draws strength from your injuries!
The orc wizard hits you but does no damage.
You puncture the vampire!
The vampire is moderately damaged.
You hear some strange, mumbled words.
A magic dart appears from out of thin air!
The magic dart hits you. Something hits you but does no damage.
The orc wizard misses you.
The vampire gestures wildly while chanting.
The vampire flickers and vanishes!
Something hits you but does no damage.
You hear some strange, mumbled words.
A magic dart appears from out of thin air!
The magic dart hits you.
* * * LOW HITPOINT WARNING * * *
Something hits you!
* * * LOW HITPOINT WARNING * * *
Something bites you!
* * * LOW HITPOINT WARNING * * *
Something draws strength from your injuries!
The orc wizard hits you with a +0 dagger.
* * * LOW HITPOINT WARNING * * *
Something hits you but does no damage.
The orc wizard points at you and mumbles some strange words.
The puff of flame hits you.
You die...

##### # ##...## #### #.
#.....# #..# ##.#
#..##.######.## ###..[#
#.####...##.##
#......###.# ##....#.#
.......{#..# #....#.##
......))@..# ##...##.##
##.....{o.## #.....##.#
##........# #....#..##.
##....##..........###..
##..## #........## #..
#.. ##....... ...# ...
... ..... .... ..
######


You could see an orc wizard.

Vanquished Creatures
  A hornet (D:6)
  Sigmund (D:3)
  Edmund (D:4)
  3 water moccasins
  An acid dragon (D:7)
  2 orc warriors (D:7)
  Duvessa (D:4)
  A black bear (D:5)
  3 sky beasts (D:7)
  An ice beast (D:5)
  An ogre (D:4)
  A centaur (D:7)
  A phantom (D:5)
  A scorpion (D:6)
  A bullfrog (D:6)
  A gnoll sergeant (D:5)
  Dowan (D:4)
  A howler monkey (D:4)
  A hound (D:6)
  A gnoll bouda (D:6)
  Terence (D:3)
  2 orc priests
  Crazy Yiuf (D:6)
  6 iguanas
  2 orc wizards (D:7)
  13 gnolls
  6 adders
  A white imp (D:7)
  An ufetubus (D:7)
  3 worms
  4 dart slugs
  21 orcs
  6 ball pythons
  5 bats
  6 endoplasms
  5 giant cockroaches
  5 hobgoblins
  4 jackals (D:2)
  4 quokkas
  2 frilled lizards
  6 goblins
  6 kobolds
  8 rats
143 creatures vanquished.

Notes
Turn   | Place    | Note
-------+----------+-------------------------------------------
     0 | D:1      | Mickster the Hill Orc Berserker began the quest for the
                  | Orb.
     0 | D:1      | Reached XP level 1. HP: 19/19 MP: 1/1
   172 | D:1      | Reached XP level 2. HP: 17/27 MP: 2/2
   821 | D:2      | Reached XP level 3. HP: 30/33 MP: 3/3
   945 | D:2      | Reached skill level 5 in Axes
   966 | D:2      | Found Finwyugar's Magic Scroll Shop.
   978 | D:2      | Bought a scroll of identify for 26 gold pieces
   978 | D:2      | Bought a scroll of identify for 26 gold pieces
  1109 | D:2      | Reached ** piety under Trog
  1115 | D:2      | Reached XP level 4. HP: 40/40 MP: 4/4
  1143 | D:2      | Found Ysuac's Assorted Antiques.
  1154 | D:2      | Bought a scroll labelled INGEPR ERUXT for 29 gold pieces
  1154 | D:2      | Bought a scroll labelled JOPILL ARCHAG for 29 gold pieces
  1257 | D:2      | Found a faded altar of an unknown god.
  1598 | D:2      | Found Kogeoxyll's Armour Shoppe.
  1845 | D:3      | Noticed Sigmund
  1861 | D:3      | Killed Sigmund
  1862 | D:3      | Reached XP level 5. HP: 47/47 MP: 5/5
  1862 | D:3      | Reached XP level 6. HP: 53/53 MP: 6/6
  1912 | D:3      | Noticed Terence
  1923 | D:3      | Killed Terence
  2220 | D:3      | Reached skill level 1 in Polearms
  2679 | D:4      | Noticed Edmund
  2682 | D:4      | Noticed a water moccasin
  2686 | D:4      | Killed Edmund
  2687 | D:4      | Reached skill level 5 in Fighting
  2687 | D:4      | Reached skill level 3 in Polearms
  2687 | D:4      | Reached XP level 7. HP: 52/61 MP: 7/7
  2693 | D:4      | HP: 2/61 [water moccasin (4)]
  2711 | D:4      | Identified the +2 ring mail "Olyneih" {Will+}
  2923 | D:4      | Noticed Dowan
  2925 | D:4      | Noticed Duvessa
  2929 | D:4      | Reached skill level 4 in Polearms
  2934 | D:4      | Killed Duvessa
  2940 | D:4      | Killed Dowan
  3339 | D:4      | Reached skill level 5 in Polearms
  3339 | D:4      | Reached XP level 8. HP: 62/68 MP: 8/8
  4005 | D:5      | Entered Level 5 of the Dungeon
  4350 | D:5      | Found an ornate altar of the Wu Jian Council.
  4383 | D:5      | Reached skill level 6 in Polearms
  4958 | D:5      | Reached skill level 7 in Polearms
  5239 | D:6      | Noticed a hornet
  5244 | D:6      | Killed a hornet
  5245 | D:6      | Reached skill level 5 in Armour
  5410 | D:6      | Reached XP level 9. HP: 75/75 MP: 9/9
  5566 | D:6      | Found a staircase to the Ecumenical Temple.
  5608 | D:6      | Reached skill level 8 in Polearms
  5620 | D:6      | Found a runed translucent door.
  5621 | D:6      | Noticed Crazy Yiuf
  5627 | D:6      | Killed Crazy Yiuf
  6753 | D:7      | Reached skill level 9 in Polearms
  6896 | D:7      | HP: 2/78 [orc wizard/+0 dagger (3)]
  6897 | D:7      | Killed from afar by an orc wizard

Illustrated notes

Levels and vault maps discovered:
D:1:      saegor_arrival_simple_c, layout_loops_cross
D:2:      layout_loops_ring, serial_shops, shop, shop_fountains, shop_statue,
          hellmonk_ecumenical_altar_inner_sanctum, kennysheep_generic_room_6
D:3:      minmay_general_purpose_star, layout_rooms,
          chequers_serial_rivers_small_b, uniq_terence, uniq_sigmund
D:4:      layout_rooms, roderic_lattice_a, uniq_edmund, uniq_duvessa
D:5:      layout_basic, marbit_many_paths, chequers_serial_rivers_large_a
D:6:      layout_loops_ring, temple_fountains, uniq_crazy_yiuf_cottage
D:7:      layout_layer_cave, hangedman_minor_gate_pass

Skill      XL: |  1  2  3  4  5  6  7  8  9 |
---------------+----------------------------+-----
Fighting       | 4 5 6 |  6.8
Axes           | 5 6 |  6.9
Dodging        | 2 3 4 |  4.5
Polearms       | 3 5 7 9 |  9.5
Armour         | 3 4 5 |  5.8
Stealth        | |  0.8

Action                     |  1- 3 |  4- 6 |  7- 9 || total
---------------------------+-------+-------+-------++-------
  Melee: Hand axe          |    99 |    56 |       ||   155
         Halberd           |       |    62 |   190 ||   252
 Invoke: Berserk           |       |     3 |     7 ||    10
         Trog's Hand       |       |     1 |     6 ||     7
    Use: Scroll            |     5 |     5 |       ||    10
         Potion            |       |       |     3 ||     3
 Armour: Animal skin       |    34 |     7 |       ||    41
         Scale mail        |       |    51 |    12 ||    63
         Ring mail         |       |     6 |   185 ||   191
  Dodge: Dodged            |    61 |    88 |   205 ||   354
